[Event "Titled Tuesday Blitz February 07 Late 2023"]
[White "Dudzinski, Pawel"]
[Black "Diaz Perez, Michel Alejandro"]
[WhiteFideId "1117890"]
[BlackFideId "3517179"]
[WhiteElo "2186"]
[BlackElo "2414"]
[Result "1/2-1/2"]
[Round "04"]
[TimeControl "180+2"]
[Date "2023.02.07"]
[WhiteClock "0:00:04"]
[BlackClock "0:00:06"]

1. e4 c5 2. c4 Nc6 3. Nc3 g6 4. g3 Bg7 5. Bg2 d6 6. Rb1 h5 7. h3 e6 8. Nge2 Nge7 9. a3 a5 10. Nb5 e5 11. d3 O-O 12. f4 h4 13. g4 exf4 14. Bxf4 Ne5 15. Bg5 f5 16. exf5 gxf5 17. Bd5+ Kh8 18. Kd2 Qd7 19. Bxe7 Qxe7 20. g5 Qxg5+ 21. Kc2 f4 22. Rg1 Qf6 23. Nec3 Bf5 24. Ne4 Bxe4 25. Bxe4 f3 26. Nc7 Rad8 27. Nd5 Qh6 28. Ne7 a4 29. Ng6+ Nxg6 30. Rxg6 Qe3 31. Rg4 Rf6 32. Rxh4+ Kg8 33. Bd5+ Kf8 34. Qd2 Re8 35. Be4 Qxd2+ 36. Kxd2 f2 37. Ke2 Rf7 38. Rf1 Bxb2 39. Rxf2 Rxf2+ 40. Kxf2 Re7 41. Ke2 Kg7 42. Rh7+ Kf6 43. Rxe7 Kxe7 44. Bxb7 Bxa3 45. Bc6 Bc1 46. Bxa4 Kf6 47. Kf3 Ke5 48. Bc6 Kf6 49. Be4 Bg5 50. Kg4 Bd2 51. h4 Bc1 52. h5 Bd2 53. Bg6 Bc1 54. Kf3 Ke5 55. Kg4 Kf6 56. Be4 Bd2 57. Bc6 Bc1 58. Be8 Bd2 59. Kf3 Ke5 60. Ke2 Bh6 61. Kd1 d5 62. cxd5 Kxd5 63. Kc2 Kd4 64. Bf7 Bg5 65. Bc4 Bh6 66. Kb3 Ke5 67. Ka4 Kd6 68. Kb5 Bg5 69. Kb6 Bh6 70. Kb7 Kd7 71. Bb5+ Kd6 72. Kc8 Bg5 73. Bc4 Kc6 74. Ba6 Kd6 75. Bb5 Kd5 76. Kd7 Ke5 77. Kc6 Be3 78. Bc4 Kf6 79. h6 Bxh6 80. Kxc5 Ke7 81. Kc6 Kd8 82. d4 Bf4 83. d5 Bg3 84. d6 Bxd6 1/2-1/2


[Site "https://www.chess.com"]

[Event "Titled Tuesday Blitz February 07 Late 2023"]
[White "Bozorov, Makhsum"]
[Black "Zarnicki, Pablo"]
[WhiteFideId "14201330"]
[BlackFideId "100137"]
[WhiteElo "2145"]
[BlackElo "2514"]
[Result "1-0"]
[Round "04"]
[TimeControl "180+2"]
[Date "2023.02.07"]
[WhiteClock "0:00:06"]
[BlackClock "0:00:01"]

1. e4 e5 2. Nf3 Nf6 3. Nc3 Nc6 4. d4 exd4 5. Nxd4 Bb4 6. Nxc6 bxc6 7. Bd3 O-O 8. O-O d5 9. exd5 Bg4 10. Be2 Bxe2 11. Nxe2 cxd5 12. Bg5 c6 13. c3 Bd6 14. Nd4 Rc8 15. Nf5 Be5 16. Re1 Re8 17. Qf3 Re6 18. Nd4 Bxd4 19. cxd4 Qd7 20. Rxe6 fxe6 21. Bxf6 Rf8 22. Rc1 gxf6 23. Qc3 Rc8 24. Qg3+ Kf7 25. Qh3 Kg7 26. Qg3+ Kh8 27. Qf3 Qg7 28. Re1 e5 29. Qf5 Rg8 30. g3 e4 31. Rc1 Qg5 32. Qxg5 fxg5 33. Rxc6 Rb8 34. Rc5 Rxb2 35. Rxd5 h6 36. Ra5 Rb7 37. Kf1 Kg7 38. Ke2 Kg6 39. Ke3 Re7 40. h3 Kf6 41. Ra6+ Kg7 42. d5 Rd7 43. Kxe4 h5 44. f4 Re7+ 45. Kf3 gxf4 46. gxf4 h4 47. Kg4 Rd7 48. d6 Kf6 49. Kxh4 Kf5 50. Kg3 Ke4 51. Ra4+ Kf5 52. Ra5+ Ke4 53. Ra4+ Kd5 54. Ra3 Rg7+ 55. Kf3 Kxd6 56. Rd3+ Ke6 57. a3 Rg1 58. Rb3 Ra1 59. h4 a6 60. Kg4 Rg1+ 61. Kh5 Kf5 62. Rb6 Rg8 63. Kh6 Rh8+ 64. Kg7 Rxh4 65. Rxa6 1-0


[Site "https://www.chess.com"]

[Event "Titled Tuesday Blitz February 07 Late 2023"]
[White "Czernek, Tymon"]
[Black "Ansh M Shah"]
[WhiteFideId "1199510"]
[BlackFideId "25033379"]
[WhiteElo "2314"]
[BlackElo "2171"]
[Result "1-0"]
[Round "04"]
[TimeControl "180+2"]
[Date "2023.02.07"]
[WhiteClock "0:00:14"]
[BlackClock "0:00:16"]

1. e4 c6 2. d4 d5 3. f3 dxe4 4. fxe4 e5 5. Nf3 Bg4 6. c3 Nf6 7. Bc4 Nbd7 8. O-O Bd6 9. Bg5 O-O 10. Nbd2 b5 11. Be2 Qb6 12. Kh1 Bxf3 13. Rxf3 exd4 14. cxd4 Qxd4 15. Rd3 Qc5 16. Bxf6 Nxf6 17. Rc1 Qe5 18. Nf3 Qxb2 19. Rc2 Qb4 20. Rxd6 Nxe4 21. Rd4 Nf2+ 22. Kg1 Nxd1 23. Rxb4 Ne3 24. Rxc6 a6 25. Kf2 Nd5 26. Rd4 Nf6 27. h3 h6 28. Bd3 Rfe8 29. Rdd6 a5 30. g4 b4 31. Ra6 a4 32. Rxa8 Rxa8 33. Rb6 b3 34. axb3 a3 35. Bb1 a2 36. Bxa2 Rxa2+ 37. Kg3 Nd5 38. Rb8+ Kh7 39. Ne5 f6 40. Nd7 h5 41. gxh5 Rb2 42. Kh4 Ne3 43. Nf8+ Kh6 44. Ne6 Kh7 45. Nf8+ Kh6 46. Ng6 Nf5+ 47. Kg4 Ne3+ 48. Kf3 Kxh5 49. Nf4+ Kg5 50. Kxe3 Rh2 51. Ne6+ Kf5 52. Nxg7+ Kg6 53. Ne8 Rxh3+ 54. Kd4 Rh8 55. b4 Kf5 56. Nd6+ Ke6 57. Rxh8 Kxd6 58. Rh6 Kc6 59. Rxf6+ Kb5 60. Kd5 Kxb4 61. Rf4+ Kb3 62. Kd4 Kc2 63. Rf3 Kd1 64. Rh3 Ke2 65. Ke4 Kf2 66. Kf4 Kg2 67. Ra3 Kf2 68. Ra2+ Ke1 69. Ke3 Kd1 70. Rh2 Kc1 71. Kd3 1-0


[Site "https://www.chess.com"]

[Event "Titled Tuesday Blitz February 07 Late 2023"]
[White "Sielecki, Christof"]
[Black "Forgacs, Attila Jr."]
[WhiteFideId "4620437"]
[BlackFideId "773654"]
[WhiteElo "2419"]
[BlackElo "2264"]
[Result "1-0"]
[Round "04"]
[TimeControl "180+2"]
[Date "2023.02.07"]
[WhiteClock "0:00:06"]
[BlackClock "0:00:01"]

1. e4 e5 2. Nf3 Nc6 3. Bb5 a6 4. Ba4 Nf6 5. d3 d6 6. c3 g6 7. O-O Bg7 8. Nbd2 O-O 9. Re1 b5 10. Bc2 Nb8 11. Nf1 c5 12. Ng3 h6 13. a4 Bb7 14. h3 Nbd7 15. b4 cxb4 16. cxb4 d5 17. a5 Rc8 18. Bb3 d4 19. Bd2 Qe7 20. Rf1 Rc7 21. Nh2 Nh7 22. Kh1 Kh8 23. f4 f5 24. Qe2 fxe4 25. Nxe4 exf4 26. Bxf4 Ne5 27. Bxe5 Bxe5 28. Rxf8+ Qxf8 29. Rf1 Qe8 30. Ng4 Kg7 31. Nc5 Re7 32. Ne6+ Rxe6 33. Bxe6 Qxe6 34. Qxe5+ Qxe5 35. Nxe5 Nf6 36. Rc1 Nd5 37. Nf3 Kf6 38. Nxd4 Nxb4 39. Rc7 Bd5 40. Kg1 Nxd3 41. Ra7 Nc5 42. Kf2 b4 43. Rc7 Ne4+ 44. Ke3 b3 45. Nxb3 Bxb3 46. Kxe4 Ba4 47. Kf4 g5+ 48. Ke3 Bb5 49. Rc5 Bf1 50. Kf2 Bd3 51. g3 Bb1 52. h4 Bd3 53. Ke3 Bf1 54. hxg5+ hxg5 55. Kd4 Kg6 56. Ke3 Kh5 57. Kf3 1-0


[Site "https://www.chess.com"]

[Event "Titled Tuesday Blitz February 07 Late 2023"]
[White "Li, Hui"]
[Black "Chor, Kevin"]
[WhiteFideId "15400310"]
[BlackFideId "2090740"]
[WhiteElo "1963"]
[BlackElo "1944"]
[Result "0-1"]
[Round "04"]
[TimeControl "180+2"]
[Date "2023.02.07"]
[WhiteClock "0:00:37"]
[BlackClock "0:00:34"]

1. e4 c5 2. Nf3 g6 3. d4 cxd4 4. Nxd4 Bg7 5. Nc3 Nc6 6. Be3 Nf6 7. Bc4 O-O 8. Bb3 d6 9. f3 Bd7 10. Qd2 Rc8 11. O-O-O Nxd4 12. Bxd4 b5 13. Nd5 Nxd5 14. Bxg7 Kxg7 15. exd5 a5 16. a3 Bf5 17. g4 a4 18. gxf5 axb3 19. c3 Qb6 20. Qd4+ Qxd4 21. Rxd4 gxf5 22. Rb4 Rc5 23. Rd1 Kf6 24. Rxb3 Rg8 25. Rb4 Rg2 26. Rh4 Kg6 27. Rh3 h5 28. Rg3+ Rxg3 29. hxg3 Kg5 30. Re1 Rxd5 31. Rxe7 Kf6 32. Re8 Rd3 33. Rb8 Rxf3 34. Rxb5 Rxg3 35. a4 h4 36. Rb8 Kg7 37. Rb4 Rg4 38. Rb5 h3 39. Rxf5 h2 40. Rh5 Rg1+ 41. Kc2 h1=Q 42. Rxh1 Rxh1 43. a5 f5 44. b4 f4 45. Kd3 Rh3+ 46. Ke4 Rxc3 47. a6 Rc4+ 48. Kf3 Rxb4 49. a7 Ra4 0-1


[Site "https://www.chess.com"]

[Event "Titled Tuesday Blitz February 07 Late 2023"]
[White "Antonova, Nadezhda"]
[Black "Ortega Amarelle, Mariano"]
[WhiteFideId "14700182"]
[BlackFideId "3504301"]
[WhiteElo "1945"]
[BlackElo "2472"]
[Result "0-1"]
[Round "04"]
[TimeControl "180+2"]
[Date "2023.02.07"]
[WhiteClock "0:00:41"]
[BlackClock "0:00:56"]

1. Nf3 d5 2. b3 e6 3. Bb2 Nf6 4. g3 Be7 5. Bg2 O-O 6. O-O b6 7. c4 Bb7 8. cxd5 exd5 9. d4 Nbd7 10. Nc3 a6 11. Rc1 Bd6 12. e3 Qe7 13. Re1 Rfe8 14. Re2 h6 15. Rec2 Rad8 16. Nh4 Qe6 17. Qf3 g6 18. Qd1 Ne4 19. Nf3 f5 20. Ne2 c5 21. dxc5 bxc5 22. Nf4 Qf7 23. Nxg6 Qxg6 24. Nh4 Qf7 25. Qh5 Qxh5 0-1


[Site "https://www.chess.com"]

[Event "Titled Tuesday Blitz February 07 Late 2023"]
[White "Bellissimo, Joseph F."]
[Black "Nilsen, Tobias Lang"]
[WhiteFideId "2609843"]
[BlackFideId "1521624"]
[WhiteElo "2203"]
[BlackElo "2247"]
[Result "0-1"]
[Round "04"]
[TimeControl "180+2"]
[Date "2023.02.07"]
[WhiteClock "0:00:15"]
[BlackClock "0:00:17"]

1. e4 e6 2. d4 d5 3. Nd2 a6 4. e5 c5 5. c3 Nc6 6. Ngf3 Nh6 7. Bd3 cxd4 8. cxd4 Bd7 9. O-O Be7 10. a3 O-O 11. Re1 Nf5 12. Nf1 Ncxd4 13. Nxd4 Nxd4 14. Bxh7+ Kxh7 15. Qxd4 Rc8 16. b3 Bc5 17. Qg4 f6 18. Be3 fxe5 19. Bxc5 Rxc5 20. Rxe5 Qf6 21. Rh5+ Kg8 22. Ra2 Rc1 23. a4 Ra1 24. Re2 b5 25. Qh3 bxa4 26. Rh8+ Kf7 27. Re3 Bb5 28. Qh5+ Ke7 29. h3 Rxf1+ 30. Kh2 Rxh8 31. Qxh8 Qf4+ 32. Rg3 Qe5 33. f4 Qxf4 34. Qxg7+ Qf7 35. Qg5+ Qf6 36. Qe3 Qf4 37. Qc5+ Kf6 38. Qf8+ Ke5 39. Qb8+ Ke4 40. Qb6 Rh1+ 41. Kxh1 Qxg3 42. Qc5 Qe1+ 43. Kh2 Qe3 44. Qc7 Qf4+ 45. Qxf4+ Kxf4 46. bxa4 Bxa4 47. g4 Be8 48. Kg2 Bg6 49. Kf2 d4 50. Ke2 d3+ 51. Kd2 e5 52. h4 e4 53. h5 e3+ 54. Ke1 Be4 55. h6 d2+ 56. Kd1 Bf3+ 57. Kc2 d1=Q+ 58. Kb2 Qd4+ 59. Kb3 Qh8 60. g5 Kxg5 61. h7 Qxh7 62. Ka3 e2 63. Ka4 Qb7 64. Ka3 Bd5 65. Ka4 Qb6 66. Ka3 Qb3# 0-1


[Site "https://www.chess.com"]

[Event "Titled Tuesday Blitz February 07 Late 2023"]
[White "Osmak, Yuliia"]
[Black "Gurevich, Ilya"]
[WhiteFideId "14101602"]
[BlackFideId "2000628"]
[WhiteElo "2440"]
[BlackElo "2586"]
[Result "0-1"]
[Round "04"]
[TimeControl "180+2"]
[Date "2023.02.07"]
[WhiteClock "0:02:07"]
[BlackClock "0:02:07"]

1. e4 c5 2. c4 Nc6 3. Nc3 e6 4. f4 g6 5. Nf3 Bg7 6. d3 Nge7 7. Be3 Nd4 8. Bf2 O-O 9. Nxd4 cxd4 10. Nb5 Nc6 11. Be2 d5 12. O-O dxe4 13. dxe4 a6 14. Na3 d3 15. Bxd3 Bxb2 16. Nc2 Bxa1 17. Nxa1 Nb4 18. Bc5 Nxd3 19. Bxf8 Qd4+ 20. Kh1 Nf2+ 0-1


[Site "https://www.chess.com"]

[Event "Titled Tuesday Blitz February 07 Late 2023"]
[White "Tanenbaum, Zachary"]
[Black "Harish, Neeraj"]
[WhiteFideId "2060850"]
[BlackFideId "30958130"]
[WhiteElo "2261"]
[BlackElo "2232"]
[Result "0-1"]
[Round "04"]
[TimeControl "180+2"]
[Date "2023.02.07"]
[WhiteClock "0:01:39"]
[BlackClock "0:00:15"]

1. e4 c5 2. Nf3 Nc6 3. Nc3 e5 4. Bc4 Be7 5. d3 Nf6 6. Ng5 O-O 7. h4 h6 8. Nd5 Nxd5 9. Bxd5 hxg5 10. hxg5 g6 11. Qg4 Kg7 12. Rh7+ Kxh7 13. Qh4+ Kg8 14. Qh6 Bf6 15. gxf6 Qxf6 16. Bg5 Qg7 17. Qh4 Qh7 18. Qxh7+ Kxh7 19. Bf6 g5 20. Bxg5 Kg6 21. Be3 d6 22. f3 Be6 23. c4 Bxd5 24. cxd5 Nd4 25. Kd2 Rh8 26. b4 Rh2 27. bxc5 Rxg2+ 28. Kd1 dxc5 29. Rb1 Rh8 30. Bd2 Rh1+ 31. Be1 Nxf3 0-1


[Site "https://www.chess.com"]

[Event "Titled Tuesday Blitz February 07 Late 2023"]
[White "Rosenberg, Evan S"]
[Black "Wang, Jalen"]
[WhiteFideId "2019299"]
[BlackFideId "2078058"]
[WhiteElo "1956"]
[BlackElo "2136"]
[Result "0-1"]
[Round "04"]
[TimeControl "180+2"]
[Date "2023.02.07"]
[WhiteClock "0:00:05"]
[BlackClock "0:00:47"]

1. d4 f5 2. Bg5 g6 3. e3 Bg7 4. Nc3 Nf6 5. Bc4 e6 6. h4 h6 7. Bxf6 Qxf6 8. Nge2 d5 9. Bd3 c6 10. Nf4 O-O 11. h5 g5 12. Ng6 Re8 13. g4 Nd7 14. Qe2 Nf8 15. Ne5 Qe7 16. O-O-O Bxe5 17. dxe5 Qg7 18. f4 Kh8 19. Rdg1 b5 20. Qd2 b4 21. Ne2 c5 22. gxf5 exf5 23. Ng3 Qf7 24. fxg5 hxg5 25. Qf2 Rxe5 26. e4 f4 27. exd5 Qxd5 28. h6 Be6 29. b3 Rd8 30. Nh5 Re3 31. Nxf4 Qe5 32. Rxg5 Qxg5 33. Qxe3 Qf6 34. Nxe6 Nxe6 35. Rf1 Qa1+ 36. Kd2 Qc3+ 37. Kc1 Qa1+ 38. Kd2 Qxf1 39. Qe5+ Kg8 40. Qxe6+ Qf7 41. h7+ Kg7 42. Qxf7+ Kxf7 43. Ke3 Ke6 44. Ke4 Rd4+ 45. Ke3 Rh4 46. Kd2 Ke5 47. Kc1 Kd4 48. Kb2 a5 49. Bg6 Rh6 50. Bd3 Rh3 51. a3 Rh2 52. axb4 axb4 53. Bg6 Ke5 54. Bd3 Kf6 55. Be4 Rh4 56. Bd3 Kg7 57. Kc1 Rh2 58. Kb2 Kf6 59. Kc1 Ke5 60. Kb2 Kd4 61. Kc1 Kc3 62. Kd1 Rh3 63. Ke2 Kd4 64. Kf2 c4 65. Bxc4 Rxh7 66. Bd3 Rh2+ 67. Kf3 Kc3 68. Ke3 Rh3+ 69. Ke4 Rxd3 70. cxd3 Kxb3 71. d4 Kc3 72. d5 b3 73. d6 b2 74. d7 b1=Q+ 75. Kd5 Qb8 76. Kc6 Qd8 77. Kd6 Kd4 78. Kc6 Ke5 79. Kc5 Ke6 80. Kc6 Qxd7+ 81. Kb6 Qc8 82. Ka7 Kd5 83. Kb6 Qc6+ 84. Ka7 Qb5 85. Ka8 Kc6 86. Ka7 Qb7# 0-1


[Site "https://www.chess.com"]

[Event "Titled Tuesday Blitz February 07 Late 2023"]
[White "Cardoso Cardoso, Jose Gabriel"]
[Black "Jorajuria Mendoza, Algol"]
[WhiteFideId "4430492"]
[BlackFideId "5128897"]
[WhiteElo "2492"]
[BlackElo "2069"]
[Result "1-0"]
[Round "04"]
[TimeControl "180+2"]
[Date "2023.02.07"]
[WhiteClock "0:02:45"]
[BlackClock "0:01:09"]

1. c4 e5 2. Nc3 Nf6 3. g3 g6 4. Bg2 Bg7 5. d3 O-O 6. e4 c6 7. Nge2 d6 8. h3 Be6 9. O-O d5 10. exd5 cxd5 11. Bg5 Qd7 12. Bxf6 Bxf6 13. Nxd5 Bxd5 14. Bxd5 Nc6 15. Kh2 Rad8 16. Nc3 Nd4 17. Bg2 b6 18. Nd5 Bg5 19. Re1 Rfe8 20. h4 Be7 21. Rxe5 Bd6 22. Nf6+ 1-0


[Site "https://www.chess.com"]

[Event "Titled Tuesday Blitz February 07 Late 2023"]
[White "Mindhunter247"]
[Black "Preotu, Razvan"]
[BlackFideId "2613280"]
[WhiteElo "2378"]
[BlackElo "2475"]
[Result "0-1"]
[Round "04"]
[TimeControl "180+2"]
[Date "2023.02.07"]
[WhiteClock "0:00:58"]
[BlackClock "0:00:45"]

1. e4 c5 2. c3 Nf6 3. e5 Nd5 4. Nf3 d6 5. d4 cxd4 6. cxd4 Nc6 7. Bc4 Nb6 8. Bxf7+ Kxf7 9. e6+ Kg8 10. d5 Ne5 11. O-O Qe8 12. Nc3 Qh5 13. Nxe5 Qxd1 14. Rxd1 dxe5 15. b3 g6 16. a4 Rb8 17. a5 Nxd5 18. Rxd5 Bxe6 19. Rxe5 Bxb3 20. Rb1 Bc2 21. Rb2 Bf5 22. Reb5 Bg7 23. Bd2 Rc8 24. R2b3 Kf7 25. Rxb7 Rhd8 26. g4 Be6 27. Ra3 Rxd2 28. Nb5 Rc1+ 0-1


[Site "https://www.chess.com"]

[Event "Titled Tuesday Blitz February 07 Late 2023"]
[White "Prieto Aranguren, Alain"]
[Black "Nefedov, Sergey"]
[WhiteFideId "2268906"]
[BlackFideId "24113417"]
[WhiteElo "2258"]
[BlackElo "2300"]
[Result "0-1"]
[Round "04"]
[TimeControl "180+2"]
[Date "2023.02.07"]
[WhiteClock "0:00:12"]
[BlackClock "0:00:36"]

1. d4 Nf6 2. c4 e6 3. Nc3 d5 4. cxd5 exd5 5. Bg5 c6 6. Qc2 Be7 7. e3 Nbd7 8. Bd3 Nh5 9. Bxe7 Qxe7 10. Nge2 Ndf6 11. O-O-O g6 12. Kb1 Ng7 13. Ng3 h5 14. e4 dxe4 15. Ngxe4 Nxe4 16. Nxe4 Bf5 17. f3 Bxe4 18. fxe4 Rd8 19. Bc4 Ne6 20. Qc3 O-O 21. Rhg1 Qf6 22. Rgf1 Qh4 23. Qe3 Kg7 24. Bxe6 fxe6 25. Rxf8 Rxf8 26. d5 exd5 27. exd5 cxd5 28. Qxa7 Qe4+ 29. Ka1 Qxg2 30. Qxb7+ Rf7 31. Qb3 Qxh2 32. Qxd5 h4 33. a4 Qf4 34. Rd4 Qf1+ 35. Ka2 h3 36. Qe5+ Qf6 37. Qxf6+ Rxf6 38. Rh4 Rf3 39. a5 g5 40. Rh5 Kg6 41. Rh8 g4 42. a6 Rf6 43. Rg8+ Kf5 0-1


[Site "https://www.chess.com"]

[Event "Titled Tuesday Blitz February 07 Late 2023"]
[White "Rostomyan, Mikayel"]
[Black "Freile Martin, Javier"]
[WhiteFideId "13313754"]
[BlackFideId "3600165"]
[WhiteElo "2222"]
[BlackElo "2329"]
[Result "0-1"]
[Round "04"]
[TimeControl "180+2"]
[Date "2023.02.07"]
[WhiteClock "0:00:27"]
[BlackClock "0:01:18"]

1. e4 c5 2. b4 cxb4 3. Nf3 Nf6 4. e5 Nd5 5. Bc4 e6 6. Bb2 Nc6 7. O-O b6 8. a3 bxa3 9. Nxa3 a6 10. Bb3 Bb7 11. c4 Nde7 12. d4 Ng6 13. d5 Na5 14. d6 Nh4 15. Nxh4 Qxh4 16. Bc3 Qe4 17. Qf3 Qxf3 18. gxf3 Nxb3 19. Rab1 Nc5 20. Rxb6 Bc6 21. Bd4 Nd3 22. Rfb1 f6 23. f4 Nxf4 24. Rxc6 dxc6 25. Be3 fxe5 26. Rb7 Bxd6 27. Nc2 O-O 0-1


[Site "https://www.chess.com"]

[Event "Titled Tuesday Blitz February 07 Late 2023"]
[White "Skvortsov, Andrei"]
[Black "Lucassen, Mickey"]
[WhiteFideId "24108600"]
[BlackFideId "12919110"]
[WhiteElo "2313"]
[BlackElo "2023"]
[Result "1/2-1/2"]
[Round "04"]
[TimeControl "180+2"]
[Date "2023.02.07"]
[WhiteClock "0:00:03"]
[BlackClock "0:00:02"]

1. e3 d5 2. c4 e6 3. Nf3 Nf6 4. b3 b6 5. Bb2 Bb7 6. Be2 Be7 7. O-O O-O 8. Nc3 c5 9. cxd5 Nxd5 10. d3 Nd7 11. Ne4 N7f6 12. Ng3 Rc8 13. a3 Qc7 14. Rc1 Rfd8 15. Qc2 Qb8 16. Qb1 h6 17. Rfd1 a6 18. Bf1 Nd7 19. Nh5 g6 20. Ng3 Bf6 21. d4 cxd4 22. Nxd4 Bg7 23. Rxc8 Rxc8 24. Rc1 Nc5 25. Be2 e5 26. Nf3 Nxb3 27. Rxc8+ Qxc8 28. Bxe5 Nd2 29. Qb2 Nxf3+ 30. gxf3 Bxe5 31. Qxe5 Qc7 32. Qd4 Nc3 33. Bc4 Bxf3 34. Qxc3 Bd5 35. h4 Qxc4 36. Qe5 Qc6 37. e4 Be6 38. h5 Qc5 39. Qb8+ Kg7 40. hxg6 fxg6 41. Qb7+ Kf6 42. Qxa6 h5 43. Qa8 h4 44. Qd8+ Kg7 45. Qxh4 Qxa3 46. Qd8 Qc1+ 47. Kg2 Qf4 48. Qxb6 Bg4 49. Qd4+ Kh7 50. Qd3 Qf6 51. f3 Be6 52. Kf2 Qh4 53. Qd6 Bf7 54. Qe5 Qh3 55. Nf1 Qh4+ 56. Qg3 Qf6 57. Ne3 Kg7 58. Qc7 Qb2+ 59. Qc2 Qd4 60. Qe2 Be6 61. Qc2 Kf6 62. Ke2 Qe5 63. Nd1 Qh2+ 64. Nf2 Qf4 65. Qc3+ Qe5 66. Qe3 Qb2+ 67. Qd2 Bc4+ 68. Ke3 Qb6+ 69. Qd4+ Qxd4+ 70. Kxd4 Be6 71. Ke3 g5 72. Nd3 Bd7 73. Nf2 Kg6 74. Kd4 Be8 75. Ke3 Bd7 76. Ke2 Kf6 77. Kf1 Ke5 78. Kg2 Kf4 79. Nd3+ Ke3 80. Ne5 Be6 81. Kg3 Kd4 82. Ng4 Kd3 83. Nh6 Kd4 84. Kf2 Ke5 85. Kg3 Kd4 86. Ng4 Kd3 87. Nf2+ Kd4 88. Nh3 g4 89. Ng5 Bc8 90. fxg4 Ke5 91. Kh4 Kf4 92. Kh5 Bd7 93. Kh4 Bxg4 94. Nf7 Kxe4 1/2-1/2


[Site "https://www.chess.com"]

[Event "Titled Tuesday Blitz February 07 Late 2023"]
[White "Martynov, Pavel"]
[Black "Rizzo, Tobias"]
[WhiteFideId "4101260"]
[BlackFideId "30942691"]
[WhiteElo "2414"]
[BlackElo "1867"]
[Result "1-0"]
[Round "04"]
[TimeControl "180+2"]
[Date "2023.02.07"]
[WhiteClock "0:00:40"]
[BlackClock "0:00:04"]

1. e4 c5 2. Nf3 e6 3. Nc3 Nc6 4. Bb5 Nd4 5. O-O a6 6. Bd3 g6 7. Nxd4 cxd4 8. Ne2 Bg7 9. c3 dxc3 10. bxc3 d6 11. Bc2 Ne7 12. d4 O-O 13. Bg5 b5 14. Qd2 Bb7 15. Rad1 Qd7 16. Bh6 Nc8 17. Bxg7 Kxg7 18. f4 f5 19. d5 fxe4 20. Bxe4 e5 21. fxe5 dxe5 22. Rxf8 Kxf8 23. Qh6+ Kg8 24. Ng3 Qd6 25. Nh5 Qc5+ 26. Kh1 Qf8 27. Qg5 Nd6 28. Bxg6 hxg6 29. Qxg6+ Kh8 30. Nf6 Qe7 31. Qh6+ 1-0


[Site "https://www.chess.com"]

[Event "Titled Tuesday Blitz February 07 Late 2023"]
[White "Tarhan, Adar"]
[Black "Tyagi, Kushan"]
[WhiteFideId "34544712"]
[BlackFideId "2040069"]
[WhiteElo "2314"]
[BlackElo "2060"]
[Result "0-1"]
[Round "04"]
[TimeControl "180+2"]
[Date "2023.02.07"]
[WhiteClock "0:01:46"]
[BlackClock "0:01:13"]

1. d4 Nf6 2. Bg5 Ne4 3. Bf4 c5 4. f3 Nf6 5. d5 e6 6. Nc3 d6 7. e4 exd5 8. Nxd5 Nxd5 9. Qxd5 Nc6 10. O-O-O Be6 11. Qd2 Qb6 12. a3 Be7 13. Ne2 Rd8 14. Nc3 Nd4 15. Be3 Bf6 16. Bxd4 Bxd4 17. Nb5 Bxb2+ 18. Kxb2 a6 19. a4 axb5 20. Bxb5+ Kf8 21. c4 Bxc4 22. Ka3 Bxb5 23. Rb1 Ra8 0-1


[Site "https://www.chess.com"]

[Event "Titled Tuesday Blitz February 07 Late 2023"]
[White "Gerbelli Neto, Eduardo"]
[Black "Cori T., Deysi"]
[WhiteFideId "2103281"]
[BlackFideId "3801934"]
[WhiteElo "2114"]
[BlackElo "2362"]
[Result "0-1"]
[Round "04"]
[TimeControl "180+2"]
[Date "2023.02.07"]
[WhiteClock "0:00:18"]
[BlackClock "0:00:20"]

1. e4 e6 2. d4 d5 3. Nc3 Nf6 4. e5 Nfd7 5. Nf3 c5 6. dxc5 Nc6 7. Bf4 Bxc5 8. Bd3 h6 9. O-O g5 10. Bg3 g4 11. Nh4 Ndxe5 12. Re1 Qf6 13. Bb5 Kf8 14. Bxc6 Nxc6 15. Qxg4 e5 16. Qh5 Be6 17. Rad1 Rd8 18. Kh1 Rg8 19. Bxe5 Nxe5 20. Rxe5 Bg4 21. Rf5 Qe6 22. Re5 Bxh5 23. Rxe6 fxe6 24. f3 Be7 0-1


[Site "https://www.chess.com"]

[Event "Titled Tuesday Blitz February 07 Late 2023"]
[White "Nunez V, Gustavo Eduardo"]
[Black "Defend, Balint"]
[WhiteFideId "4403690"]
[BlackFideId "17004853"]
[WhiteElo "2212"]
[BlackElo "1673"]
[Result "0-1"]
[Round "04"]
[TimeControl "180+2"]
[Date "2023.02.07"]
[WhiteClock "0:00:03"]
[BlackClock "0:01:23"]

1. e4 c6 2. d4 d5 3. Nc3 dxe4 4. Nxe4 Nf6 5. Nxf6+ exf6 6. g3 Bd6 7. Bg2 h5 8. h3 h4 9. g4 f5 10. Qe2+ Qe7 11. gxf5 Bxf5 12. Be3 Nd7 13. O-O-O O-O-O 14. Nf3 f6 15. Rhe1 Qf7 16. b3 Nb6 17. Kb2 Bb4 18. Bd2 Rhe8 19. Qf1 Bxd2 20. Rxd2 g5 21. Rde2 Nd5 22. Nd2 Nf4 23. Rxe8 Rxe8 24. Rxe8+ Qxe8 25. Nc4 Kc7 26. Bf3 Bxh3 27. Qd1 Be6 28. Ne3 h3 29. c4 Bd7 30. d5 Qe5+ 31. Ka3 c5 32. Qd2 b6 33. b4 Qd4 34. Qe1 Nd3 35. d6+ Kxd6 36. bxc5+ bxc5 37. Qd2 Nb4 38. Qxd4+ cxd4 39. Ng4 Bc6 40. Nxf6 Bxf3 41. c5+ Kxc5 42. Nd7+ Kb5 43. Ne5 Be2 44. Nd7 h2 45. Nb8 h1=Q 46. Kb2 Qd1 47. Nd7 Qd2+ 48. Ka1 Qc3+ 49. Kb1 Qc2+ 50. Ka1 Qc1# 0-1


[Site "https://www.chess.com"]

[Event "Titled Tuesday Blitz February 07 Late 2023"]
[White "Toncheva, Nadya"]
[Black "Gomes, Luiz Alexandre de Souza"]
[WhiteFideId "2924056"]
[BlackFideId "2102790"]
[WhiteElo "2295"]
[BlackElo "2254"]
[Result "1-0"]
[Round "04"]
[TimeControl "180+2"]
[Date "2023.02.07"]
[WhiteClock "0:00:12"]
[BlackClock "0:00:11"]

1. e4 c5 2. Nf3 d6 3. d4 cxd4 4. Nxd4 Nf6 5. Nc3 a6 6. Be3 e6 7. g4 h6 8. h4 Qc7 9. Rg1 g6 10. Qd2 b5 11. f3 Nbd7 12. O-O-O Ne5 13. Kb1 Bb7 14. g5 hxg5 15. hxg5 Nfd7 16. Bg2 Nc4 17. Qf2 Nxe3 18. Qxe3 Bg7 19. f4 b4 20. Nce2 Rc8 21. Rh1 Qc5 22. Qd2 Rxh1 23. Rxh1 e5 24. fxe5 Nxe5 25. Nb3 Qf2 26. Bh3 Rd8 27. Qxb4 Bc6 28. Ned4 Bxe4 29. Re1 Qg3 30. Rxe4 Qxh3 31. Qa4+ Kf8 32. Nc1 Qh1 33. Rf4 Qh2 34. Ne6+ Ke7 35. Nxd8 Kxd8 36. Rd4 Ke7 37. Qxa6 Qg1 38. Qb7+ Nd7 39. Re4+ Be5 40. Qd5 Qxg5 41. a4 f5 42. Re1 Qg3 43. Rh1 Nf6 44. Qb7+ Ke6 45. Rh8 f4 46. Qb3+ Kf5 47. Qxg3 fxg3 48. a5 g2 49. Ne2 Ne4 50. Rf8+ Kg4 51. a6 Bd4 52. Rf4+ Kh3 53. Rxe4 Bc5 54. Nf4+ Kh2 55. Nxg2 Kxg2 56. Rg4+ Kf3 57. Rxg6 Ke4 58. b4 Bd4 59. c3 Bf2 60. Kc2 d5 61. Rg8 d4 62. c4 d3+ 63. Kd1 Kd4 64. a7 Kxc4 65. a8=Q 1-0


[Site "https://www.chess.com"]

[Event "Titled Tuesday Blitz February 07 Late 2023"]
[White "Carrasco Miranda, Andres"]
[Black "Mendez Fortes, Eduardo Jesus"]
[WhiteFideId "3405990"]
[BlackFideId "3502376"]
[WhiteElo "2240"]
[BlackElo "2250"]
[Result "1-0"]
[Round "04"]
[TimeControl "180+2"]
[Date "2023.02.07"]
[WhiteClock "0:00:09"]
[BlackClock "0:00:16"]

1. d4 Nf6 2. c4 e6 3. g3 d5 4. Bg2 dxc4 5. Nf3 a6 6. Ne5 Bb4+ 7. Nc3 Nd5 8. Bxd5 exd5 9. Qa4+ Nc6 10. Nxc6 Bxc3+ 11. bxc3 Qd7 12. e4 dxe4 13. Ba3 Qxc6 14. Qb4 Qd7 15. O-O b6 16. Rfe1 Bb7 17. Qxc4 O-O-O 18. Bc1 Kb8 19. Bf4 f6 20. h4 g5 21. hxg5 fxg5 22. Be5 Rhf8 23. Rab1 b5 24. Qc5 Qc6 25. Qxc6 Bxc6 26. a4 Kc8 27. axb5 axb5 28. Ra1 Kb7 29. c4 Ra8 30. cxb5 Bxb5 31. Rab1 c6 32. Rxe4 Ra2 33. f4 Ka8 34. Re3 gxf4 35. Bxf4 h5 36. d5 h4 37. dxc6 Bxc6 38. Rbb3 Rg2+ 39. Kf1 hxg3 40. Ra3+ Kb7 41. Reb3+ Kc8 42. Rb8+ Kd7 43. Rxf8 Rf2+ 44. Ke1 Bb5 45. Rxg3 Re2+ 46. Kd1 Re7 47. Rfg8 Kc6 48. R8g6+ Kd5 49. R6g5+ Kc4 50. Bd2 Bd7 51. Rc3+ Kd4 52. Rgc5 Be6 53. Rc7 Re8 54. Be3+ Ke4 55. Bf2 Rd8+ 56. Ke1 Ra8 57. Ra7 Rb8 58. Re3+ Kf5 59. Re5+ Kxe5 60. Bg3+ Kd5 61. Bxb8 Bf5 62. Bg3 Ke4 63. Kf2 Kd5 64. Ra5+ Ke6 65. Re5+ Kf6 66. Ke3 Kg5 67. Bf4+ Kg4 68. Re7 Kh5 69. Rg7 Bb1 70. Rg5+ Kh4 71. Kf3 Bc2 72. Rg1 Kh5 73. Ke3 Bb3 74. Be5 Bc4 75. Kf4 Bb3 76. Rg3 Bc4 77. Kf5 Kh4 78. Rg4+ Kh3 79. Rxc4 Kg2 80. Rf4 Kg3 81. Kg5 Kg2 82. Kg4 Kg1 83. Rf3 Kg2 84. Bf6 Kg1 85. Kg3 Kh1 86. Rf1# 1-0


[Site "https://www.chess.com"]